 Dungeon Crawl Stone Soup version 0.30.1 (webtiles) character file.

Game seed: 10954774595978181886

4808 Graphine the Fighter (level 10, -8/107 HPs)
             Began as an Ogre Gladiator on July 9, 2023.
             Was a High Priest of Cheibriados.
             Mangled by a wyvern (16 damage)
             ... on level 9 of the Dungeon.
             The game lasted 00:33:29 (7552 turns).

Graphine the Fighter (Ogre Gladiator)               Turns: 7552, Time: 00:33:29

Health: -8/107     AC:  7    Str: 36    XL:     10   Next: 48%
Magic:  11/14      EV: 14    Int: 21    God:    Cheibriados [*****.]
Gold:   600        SH:  0    Dex: 22    Spells: 7/13 levels left

rFire   . . .        a - +0 quarterstaff
rCold   . . .        (shield currently unavailable)
rNeg    . . .        I - +0 steam dragon scales
rPois   .            c - +0 hat
rElec   .            w - +0 cloak
rCorr   .            (gloves unavailable)
SInv    .            (boots unavailable)
Will    +....        j - amulet of magic regeneration
Stlth   ++           (no ring)
HPRegen 0.37/turn    (no ring)
MPRegen 0.54/turn

%: no passive effects
@: very slow
A: large, unfitting armour, tough skin 1
a: Renounce Religion, Bend Time, Temporal Distortion, Slouch, Step From Time


You were on level 9 of the Dungeon.
You worshipped Cheibriados.
Cheibriados was extremely pleased with you.
You visited 1 branch of the dungeon, and saw 9 of its levels.
You also visited: Sewer.

You collected 600 gold pieces.

Inventory:

Hand Weapons
 a - a +0 quarterstaff (weapon)
 d - a +0 giant club
 e - a +0 falchion
 f - a +3 dagger
 p - a +4 shortbow
Missiles
 b - a boomerang (quivered)
 n - 3 throwing nets
 D - a large rock
 G - a javelin
Armour
 c - a +0 hat (worn)
 w - a +0 cloak (worn)
 I - +0 steam dragon scales (worn)
Magical Staves
 g - a staff of earth
 q - a staff of cold
Jewellery
 j - an amulet of magic regeneration (around neck)
Wands
 m - a wand of charming (10)
 y - a wand of roots (4)
 A - a wand of flame (25)
 B - a wand of mindburst (4)
 K - a wand of acid (1)
Scrolls
 o - a scroll of fog
 C - 2 scrolls of teleportation
 E - 2 scrolls of amnesia
 F - 2 scrolls of identify
 H - a scroll of immolation
 J - a scroll of fear
Potions
 h - 2 potions of invisibility
 i - a potion of ambrosia
 k - 7 potions of curing
 l - 3 potions of brilliance
 r - 2 potions of resistance
 s - a potion of heal wounds
 t - 2 potions of magic
 u - 2 potions of lignification
 v - a potion of flight
 x - a potion of might
 z - 2 potions of mutation


   Skills:
 + Level 9.4 Fighting
 - Level 7.0 Staves
 - Level 6.0 Throwing
 - Level 2.0 Armour
 + Level 7.0 Dodging
 - Level 2.0 Spellcasting
 - Level 2.0 Conjurations
 - Level 2.0 Translocations
 + Level 6.3 Invocations


You had 7 spell levels left.
You knew the following spells:

 Your Spells              Type           Power      Damage    Failure   Level
a - Momentum Strike       Conj/Tloc      20%        3d8       10%         2
b - Blink                 Tloc           20%        N/A       10%         2
c - Lesser Beckoning      Tloc           20%        N/A       10%         2

Your spell library contained the following spells:

 Spells                   Type           Power      Damage    Failure   Level
 Apportation              Tloc           20%        N/A       6%          1
 Necrotise                Necr           8%         1d4       14%         1
 Summon Small Mammal      Summ           8%         N/A       14%         1
 Portal Projectile        Hex/Tloc       12%        N/A       28%         3
 Call Canine Familiar     Summ           2%         N/A       41%         3
 Leda's Liquefaction      Hex/Erth       1%         N/A       82%         4
 Alistair's Intoxication  Tmut/Pois      1%         N/A       99%         5


Dungeon Overview and Level Annotations

Branches:
Dungeon (9/15)             Temple (0/1) D:7            Lair (0/5) D:8
  Sewer (visited)
    Orc: D:9-12

Altars:
Ashenzari
Cheibriados
Dithmenos
Fedhas
Hepliaklqana
Kikubaaqudgha
Uskayaw
Xom
Yredelemnul
Zin
The Shining One

Shops:
D:5 :   D:8 [(([


Innate Abilities, Weirdness & Mutations

You are too large for most types of armour.
You have tough skin. (AC +1)


Message History

Press: ? - help, Dir - look around, f - activate You can feel time thicken for a moment.
Cheibriados thoroughly appreciates the change of pace.
Cheibriados raises the support of your attributes as your movement slows.
Reactivating autopickup.
You feel a bit more experienced.
You kill the howler monkey!
Cheibriados appreciates the change of pace.
You kill the orc!
Cheibriados thoroughly appreciates the change of pace.
You kill the orc!
Cheibriados thoroughly appreciates the change of pace.
Cheibriados lowers the support of your attributes as your movement quickens.
Your magical contamination has completely faded away.
A bullfrog comes into view.
Aiming: Corrosive Bolt
Press: ? - help, Shift-Dir - straight line, f - wyvern
Aim: a wyvern (71% to hit)
The bolt of acid hits the wyvern!
The wyvern is moderately wounded.
The wyvern barely misses you.
Unknown command.
You sock the wyvern!
The wyvern is severely wounded.
The wyvern bites you. The wyvern barely misses you.
You hit the wyvern.
The wyvern is severely wounded.
The wyvern bites you!
* * * LOW HITPOINT WARNING * * *
Aiming: Corrosive Bolt
Press: ? - help, Shift-Dir - straight line, f/p - wyvern
Aim: a wyvern (severely wounded, 71% to hit)
The bolt of acid hits the wyvern.
The acid corrodes the wyvern!
The wyvern is almost dead.
The bolt of acid hits the bullfrog!
The bullfrog is heavily wounded.
The wyvern bites you!
* * * LOW HITPOINT WARNING * * *
The wyvern bites you!
You die...

#.........#).)..###...
..$...##.##.))..........
.#..........))##...##..#
###.##...#..).##.......
## ......#.##.#......# .
.## ...#...#..).)....#..
..# . #.#....))#.......
#.. ........).#....... .
..........@F...... .
........###l...... #..
........# #.....# # .
........# ....## .
....#.... ...# .#
...#... ...# # [. #..#
...


You could see a wyvern (corroded) and a bullfrog.

Vanquished Creatures
  A troll (D:9)
  A hornet (D:7)
  2 steam dragons (D:8)
  2 water moccasins
  3 sky beasts
  3 black bears (D:5)
  An ice beast (D:6)
  3 orc warriors
  An ogre (D:3)
  A centaur (D:5)
  A phantom (D:4)
  2 kobold brigands
  4 scorpions
  18 wights
  4 killer bees (D:8)
  2 howler monkeys (D:9)
  A crimson imp (D:3)
  2 hounds (D:5)
  3 jellies
  8 orc priests
  A gnoll bouda (D:5)
  3 iguanas
  9 orc wizards
  11 gnolls
  10 adders
  2 shadow imps (D:8)
  An ufetubus (D:4)
  3 worms
  4 dart slugs
  47 orcs
  11 ball pythons
  2 bats (D:3)
  An endoplasm (D:2)
  9 giant cockroaches
  9 goblins
  11 hobgoblins
  2 jackals (Sewer)
  4 quokkas
  2 frilled lizards
  A goblin skeleton (D:3)
  A hobgoblin zombie (D:3)
  14 kobolds
  A kobold skeleton (D:3)
  A kobold zombie (D:3)
  An orc zombie (D:3)
  5 rats
229 creatures vanquished.

Vanquished Creatures (collateral kills)
  An orc (D:8)
1 creature vanquished.

Vanquished Creatures (others)
  An orc warrior (D:8)
1 creature vanquished.

Grand Total: 231 creatures vanquished

Notes
Turn   | Place    | Note
-------+----------+-------------------------------------------
     0 | D:1      | Graphine the Ogre Gladiator began the quest for the Orb.
     0 | D:1      | Reached XP level 1. HP: 22/22 MP: 1/1
   187 | D:1      | Reached XP level 2. HP: 25/29 MP: 2/2
   668 | D:2      | You fall into a shaft and drop 2 floors!
   759 | D:3      | Noticed a crimson imp
   759 | D:3      | Found a glowing golden altar of the Shining One.
   773 | D:3      | Found a faded altar of an unknown god.
   801 | D:3      | Prayed at the altar of an unknown god.
   801 | D:3      | Became a worshipper of Cheibriados the Contemplative
   801 | D:3      | Reached * piety under Cheibriados
   816 | D:3      | Killed a crimson imp
   817 | D:3      | Reached skill level 3 in Fighting
   817 | D:3      | Reached XP level 3. HP: 37/37 MP: 3/3
   856 | D:3      | Reached XP level 4. HP: 16/45 MP: 4/4
   920 | D:3      | Found a glowing drain.
   924 | Sewer    | Entered a sewer
   957 | Sewer    | Noticed a water moccasin
   970 | Sewer    | Killed a water moccasin
   971 | Sewer    | Reached skill level 1 in Armour
   971 | Sewer    | Reached XP level 5. HP: 35/53 MP: 5/5
  1152 | D:2      | Reached ** piety under Cheibriados
  1180 | D:2      | Reached XP level 6. HP: 25/62 MP: 6/6
  1619 | D:2      | Found an ancient bone altar of Kikubaaqudgha.
  1889 | D:3      | Reached *** piety under Cheibriados
  2214 | D:3      | Reached skill level 4 in Fighting
  2444 | D:3      | Found a glowing silver altar of Zin.
  2474 | D:4      | Reached XP level 7. HP: 70/70 MP: 7/7
  2516 | D:4      | Reached skill level 5 in Staves
  2754 | D:4      | Found a blossoming altar of Fedhas.
  2908 | D:4      | Learned a level 2 spell: Momentum Strike
  2950 | D:4      | Found a basalt altar of Yredelemnul.
  3291 | D:4      | Reached **** piety under Cheibriados
  3486 | D:5      | Entered Level 5 of the Dungeon
  3522 | D:5      | Reached skill level 5 in Throwing
  3522 | D:5      | Reached skill level 1 in Spellcasting
  3522 | D:5      | Reached XP level 8. HP: 30/79 MP: 9/9
  3574 | D:5      | Reached skill level 1 in Translocations
  3730 | D:5      | Found Gostramu's Book Emporium.
  3758 | D:5      | Reached skill level 5 in Fighting
  3758 | D:5      | Reached skill level 1 in Conjurations
  3929 | D:5      | Found a shimmering altar of Xom.
  3969 | D:5      | Found an ancient bone altar of Kikubaaqudgha.
  4237 | D:5      | Found a hide-covered altar of Uskayaw.
  4448 | D:5      | Learned a level 2 spell: Blink
  4451 | D:5      | Learned a level 2 spell: Lesser Beckoning
  4521 | D:6      | Reached skill level 1 in Invocations
  4576 | D:6      | Reached XP level 9. HP: 88/88 MP: 10/12
  4640 | D:6      | Found a broken altar of Ashenzari.
  4654 | D:6      | Reached ***** piety under Cheibriados
  4910 | D:6      | Reached skill level 6 in Fighting
  4970 | D:6      | Found a shadowy altar of Dithmenos.
  5184 | D:6      | Found a hazy altar of Hepliaklqana.
  5384 | D:7      | Reached skill level 5 in Dodging
  5569 | D:7      | Reached skill level 7 in Fighting
  5778 | D:7      | Found a staircase to the Ecumenical Temple.
  5823 | D:7      | Noticed a hornet
  5833 | D:7      | Killed a hornet
  6282 | D:8      | Reached skill level 8 in Fighting
  6297 | D:8      | Reached skill level 5 in Invocations
  6297 | D:8      | Reached XP level 10. HP: 64/104 MP: 7/13
  6581 | D:8      | Found Kunum's Weapon Boutique.
  6592 | D:8      | Found Roapil's Antique Weapon Shop.
  6608 | D:8      | Found a staircase to the Lair.
  6862 | D:8      | Found Beca's Armour Emporium.
  7050 | D:8      | Found Limam's Armour Shop.
  7269 | D:9      | Reached skill level 9 in Fighting
  7552 | D:9      | Mangled by a wyvern

Illustrated notes

Levels and vault maps discovered:
D:1:      psy_arrival_terrarium, layout_rooms, nicolae_hexahallways,
          minmay_tetromino_i2
D:2:      cheibrodos_greedy_goblins, layout_rooms, basic_altar, serial_glass,
          glass_columns_a, glass_columns_b
D:3:      layout_basic, nicolae_tso_besieged_by_evil, zin_scriptorium,
          ebering_ecumenical_altar_box, serial_curves, eino_curves_02,
          eino_curves_03, gup_sewer_entry_bowl, hangedman_feature_mirror
D:4:      layout_loops_ring, mainiacjoe_overflow_brackets, fedhas_altar_2,
          minmay_fractal_squares_gapless_5
D:5:      layout_cave_pools, nicolae_uskayaw_murder_on_the_dancefloor,
          mainiacjoe_overflow_two_lobes, serial_shops,
          nicolae_shop_advertising_works [nicolae_subvault_shop_adworks]
D:6:      layout_basic, nicolae_dithmenos_through_a_glass_darkly,
          nicolae_ashenzari_skybound, mainiacjoe_overflow_alcove_1,
          hangedman_decor_clover_reticule
D:7:      layout_basic, minmay_temple_entry_drinking_statues
D:8:      layout_basic, lair_entry_dummy, special_room [special_room_orc],
          serial_shops, nicolae_shop_bloodbath_and_beyond,
          nicolae_shop_tiny_real_fake_doors, shop, shop
D:9:      layout_cave_pools, grunt_temple_overflow_bloody_war, tgw_sif,
          enter_bailey_2, hellmonk_guarded_unrand_dark_maul

Skill      XL: |  1  2  3  4  5  6  7  8  9 10 |
---------------+-------------------------------+-----
Fighting       | 3 4 5 8 9 |  9.4
Dodging        | 3 4 6 7 |  7.0
Staves         | 4 5 6 7 |  7.0
Throwing       | 3 4 5 6 |  6.0
Armour         | 1 2 |  2.0
Spellcasting   | 1 2 |  2.0
Translocations | 2 |  2.0
Conjurations   | 2 |  2.0
Invocations    | 1 5 6 |  6.3

Action                     |  1- 3 |  4- 6 |  7- 9 | 10-12 || total
---------------------------+-------+-------+-------+-------++-------
  Melee: Quarterstaff      |    57 |   126 |   147 |   129 ||   459
  Throw: Javelin           |     1 |    24 |    22 |       ||    47
         Large rock        |     1 |     3 |     3 |       ||     7
         Throwing net      |       |     4 |       |       ||     4
         Boomerang         |       |       |       |     9 ||     9
   Cast: Momentum Strike   |       |       |    36 |     4 ||    40
         Blink             |       |       |     2 |       ||     2
 Invoke: Slouch            |       |       |     3 |     3 ||     6
  Evoke: Wand              |       |       |    38 |     5 ||    43
    Use: Scroll            |     3 |     7 |    12 |     1 ||    23
         Potion            |       |       |     4 |       ||     4
   Stab: Sleeping          |     1 |     1 |       |       ||     2
         Held in net/web   |       |     1 |       |       ||     1
 Armour: Robe              |    11 |    34 |    28 |     8 ||    81
         Steam dragon scal |       |       |       |    27 ||    27
  Dodge: Dodged            |    34 |    83 |   124 |   117 ||   358
